 Dungeon Crawl Stone Soup version 0.26-a0-18-g135ff06667 (webtiles) character file.

Game seed: 13464867204789135660, levelgen mode: deterministic

788 Mrkan the Skirmisher (level 7, -5/67 HPs)
             Began as a Yellow Draconian Artificer on May 24, 2020.
             Was a Follower of Kikubaaqudgha.
             Shot with an arrow by a centaur (9 damage)
             ... on level 6 of the Dungeon.
             The game lasted 00:12:33 (6381 turns).

Mrkan the Skirmisher (Yellow Draconian Artificer)   Turns: 6381, Time: 00:12:33

Health: -5/67      AC:  6    Str: 15    XL:     7   Next: 56%
Magic:  9/9        EV: 12    Int: 13    God:    Kikubaaqudgha [*.....]
Gold:   251        SH:  0    Dex: 11    Spells: 5/6 levels left

rFire    . . .     SeeInvis .   a - +0 short sword
rCold    . . .     Gourm    .   (no shield)
rNeg     . . .     Faith    .   (armour unavailable)
rPois    .         Spirit   .   (helmet restricted)
rElec    .         Reflect  .   (no cloak)
rCorr    +         Harm     .   (no gloves)
MR       .....                  (no boots)
Stlth    +.........             (no amulet)
HPRegen  0.21/turn              (no ring)
MPRegen  0.11/turn              (no ring)

@: very slightly contaminated, invisible
A: spit acid, unfitting armour, cold-blooded, acid resistance, AC +6
a: Breathe Acid, Receive Corpses, Renounce Religion


You were on level 6 of the Dungeon.
You worshipped Kikubaaqudgha.
Kikubaaqudgha was aware of your devotion.
You were very hungry.

You visited 1 branch of the dungeon, and saw 6 of its levels.

You collected 251 gold pieces.

Inventory:

Hand Weapons
 a - a +0 short sword (weapon)
Missiles
 j - 107 stones (quivered)
Armour
 p - a +0 pair of boots
Jewellery
 v - an uncursed amulet of guardian spirit {unknown}
 y - a +6 ring of dexterity {unknown}
Wands
 b - a wand of flame (2)
 c - a wand of enslavement (15)
 d - a wand of random effects (14)
 w - a wand of clouds (6)
Scrolls
 e - 4 scrolls of fog {unknown}
 h - 3 scrolls of fear {unknown}
 l - 6 scrolls of identify {unknown}
 m - 4 scrolls of remove curse {unknown}
 q - a scroll of random uselessness {unknown}
 r - 3 scrolls of teleportation {unknown}
 t - a scroll of blinking {unknown}
 u - a scroll of enchant weapon {unknown}
Potions
 g - 2 potions of flight {unknown}
 i - a potion of heal wounds {unknown}
 k - 2 potions of berserk rage {unknown}
 n - 5 potions of invisibility
 o - a potion of resistance {unknown}
 s - a potion of cancellation {unknown}
 x - a potion of brilliance {unknown}
Comestibles
 f - 6 rations


   Skills:
 + Level 7.7 Fighting
 - Level 1.0 Short Blades
 - Level 1.7 Dodging
 - Level 0.8 Stealth
 + Level 4.5 Necromancy
 - Level 3.0 Evocations


You had 5 spell levels left.
You knew the following spells:

 Your Spells              Type           Power        Failure   Level  Hunger
a - Pain                  Necr           ##..         4%          1    ##.....

Your spell library contained the following spells:

 Spells                   Type           Power        Failure   Level  Hunger
 Sublimation of Blood     Necr           ##........   8%          2    ###....
 Vampiric Draining        Necr           ##........   14%         3    ####...
 Corpse Rot               Necr/Air       N/A          19%         2    ###....


Dungeon Overview and Level Annotations

Branches:
Dungeon (6/15)             Temple (0/1) D:5

Altars:
Elyvilon
Kikubaaqudgha
Makhleb
Okawaru
Qazlal
Trog

Annotations:
D:2 Sigmund
D:6 1 runed translucent door, Morbidden's ghost, novice DENe


Innate Abilities, Weirdness & Mutations

You can spit globs of acid.
Your golden yellow scales are hard. (AC +6)
You cannot fit into any form of body armour.
You are cold-blooded and may be slowed by cold attacks.
You are resistant to acid. (rCorr)


Message History

A bullfrog comes into view.
You barely miss the centaur.
The centaur is moderately wounded.
The centaur hits you.
* * * LOW HITPOINT WARNING * * *
The centaur closely misses you.
It was a potion of invisibility.
You fade into invisibility!
The centaur hits you!
* * * LOW HITPOINT WARNING * * *
The centaur hits you but does no damage.
You are very lightly contaminated with residual magic.
Okay, then.
You see here an arrow.
The centaur wields a +0 shortbow.
The centaur shoots an arrow.
The arrow barely misses you.
You see here an arrow.
The centaur shoots an arrow.
The arrow hits you!
You die...
Kikubaaqudgha rasps: "You have failed me!
Welcome... death!"

##... ..... ##.## .....
.... #..# ......#..#
#####.## ......#..#
##.....# .........#
##.....## .. #c##
#.......# #.#.##.(###
#.[.....# ........(.#
#.......#
##.......@#######.....##
..........(...........##
##........######.......#
#........# #.......#
#........# #.......#
...)......# ##.....##
.#........# ##...##
.....#...# ######.###
......#... #...##.#


You could see a centaur.

Vanquished Creatures
  Menkaure (D:5)
  A sky beast (D:5)
  A bullfrog (D:6)
  3 vampire bats (D:2)
  A howler monkey (D:5)
  A hound (D:4)
  2 orc priests (D:3)
  2 orc wizards
  An iguana (D:4)
  A worker ant (D:5)
  4 adders
  An ooze (D:3)
  3 worms
  A dart slug (D:3)
  4 leopard geckos
  12 orcs
  7 bats
  5 bat skeletons (D:2)
  A bat zombie (D:2)
  5 giant cockroaches
  4 goblins
  8 hobgoblins
  3 jackals (D:4)
  4 kobolds
  6 quokkas
  4 ball pythons
  7 frilled lizards
  A jackal zombie (D:6)
  6 rats
100 creatures vanquished.

Notes
Turn   | Place    | Note
-------+----------+-------------------------------------------
     0 | D:1      | Mrkan the Draconian Artificer began the quest for the Orb.
     0 | D:1      | Reached XP level 1. HP: 16/16 MP: 3/3
   116 | D:1      | Reached skill level 2 in Fighting
   250 | D:1      | Reached XP level 2. HP: 25/25 MP: 4/4
   657 | D:1      | Reached skill level 3 in Fighting
  1461 | D:2      | Reached XP level 3. HP: 30/31 MP: 5/5
  1583 | D:2      | Found an ancient bone altar of Kikubaaqudgha.
  1642 | D:2      | Reached skill level 4 in Fighting
  1642 | D:2      | Reached XP level 4. HP: 16/41 MP: 6/6
  1643 | D:2      | Reached skill level 5 in Fighting
  1876 | D:2      | Reached XP level 5. HP: 34/49 MP: 7/7
  2114 | D:2      | Noticed Sigmund
  2718 | D:2      | Became a worshipper of Kikubaaqudgha
  3225 | D:3      | Reached skill level 6 in Fighting
  3225 | D:3      | Reached skill level 1 in Necromancy
  3476 | D:3      | Reached XP level 6. HP: 45/57 MP: 8/8
  4715 | D:4      | Found an iron altar of Okawaru.
  5159 | D:4      | Reached * piety under Kikubaaqudgha
  5159 | D:4      | Identified Kikubaaqudgha's Grimoire of Unholy Magic
                  | (Kikubaaqudgha gifted it to you on level 4 of the Dungeon)
  5159 | D:4      | Received a gift from Kikubaaqudgha
  5172 | D:4      | Learned a level 1 spell: Pain
  5320 | D:5      | Entered Level 5 of the Dungeon
  5320 | D:5      | Found a staircase to the Ecumenical Temple.
  5370 | D:5      | Noticed Menkaure
  5382 | D:5      | Killed Menkaure
  5382 | D:5      | Reached skill level 7 in Fighting
  5382 | D:5      | Your scales start taking on a golden yellow colour.
  5382 | D:5      | Reached XP level 7. HP: 23/66 MP: 9/9
  5382 | D:5      | Gained mutation: You are resistant to acid. (rCorr) [Yellow
                  | Draconian growth]
  6043 | D:5      | Found a stormy altar of Qazlal.
  6083 | D:5      | Found a white marble altar of Elyvilon.
  6086 | D:5      | Found a bloodstained altar of Trog.
  6096 | D:5      | Found a burning altar of Makhleb.
  6341 | D:6      | Found a runed translucent door.
  6343 | D:6      | Noticed a hippogriff
  6343 | D:6      | Noticed Morbidden's ghost (novice DENe)
  6378 | D:6      | HP: 3/67 [centaur (9)]
  6381 | D:6      | Shot with an arrow by a centaur

Illustrated notes

Levels and vault maps discovered:
D:1:      giann_horns, layout_basic
D:2:      layout_basic, kennysheep_vampire_church, serial_bayou,
          serial_bayou_pond_c, serial_bayou_lake_a, serial_bayou_ford_a,
          serial_bayou_shore_b, first_ration, minivault_14, uniq_sigmund
D:3:      layout_basic
D:4:      layout_loops_ring, okawaru_metal_pillars_1_2
D:5:      layout_basic, grunt_temple_overflow_cloverleaf, temple_fountains,
          uniq_menkaure
D:6:      layout_rooms, yredelemnul_altar_generic, ebering_ghost_inner_flame,
          doesnt_xom_only_xom

Skill      XL: |  1  2  3  4  5  6  7 |
---------------+----------------------+-----
Fighting       | 2 3 4 5 6 7 |  7.7
Necromancy     | 1 3 4 |  4.5
Short Blades   | |  1.0
Dodging        | |  1.7
Stealth        | |  0.8
Evocations     | |  3.0

Action                   |  1- 3 |  4- 6 |  7- 9 || total
-------------------------+-------+-------+-------++-------
Melee: Short sword       |   133 |   289 |    29 ||   451
       Tailslap          |     9 |    27 |     2 ||    38
Throw: Stone             |       |       |     4 ||     4
 Cast: Pain              |       |     2 |     5 ||     7
 Abil: Breathe Acid      |       |       |     1 ||     1
Evoke: Wand              |       |    15 |    12 ||    27
  Use: Potion            |       |       |     1 ||     1
 Stab: Sleeping          |     2 |       |       ||     2
  Eat: Chunk             |     2 |    13 |     2 ||    17
Armor: Skin              |   117 |   104 |    11 ||   232
Dodge: Dodged            |   205 |   183 |    25 ||   413

Table legend:
 A = Non-vault XP
 B = Vault XP
 C = Vault XP percentage of total XP
 D = Non-vault monster count
 E = Vault monster count
 F = Vault count percentage of total count
                 A         B        C        D         E       F
            +---------+---------+-------+---------+---------+-------
      Total |     766 |     360 |  32.0 |      90 |      10 |  10.0
            +---------+---------+-------+---------+---------+-------
        D:1 |      33 |       0 |   0.0 |      19 |       0 |   0.0
        D:2 |      29 |     177 |  85.9 |      17 |       9 |  34.6
        D:3 |     206 |       0 |   0.0 |      27 |       0 |   0.0
        D:4 |     180 |       0 |   0.0 |      21 |       0 |   0.0
        D:5 |     224 |     183 |  45.0 |       4 |       1 |  20.0
        D:6 |      94 |       0 |   0.0 |       2 |       0 |   0.0
            +---------+---------+-------+---------+---------+-------
